Map: Dusk Towers

Players

capac - Winner!

  • Race: Terran Terran
  • League: Gold

A.I. 1 (Elite)

  • Race: Zerg Zerg

VOD

Have the link to the VOD?

Description

Time

  • Played on: March 18, 2016, 2:12 p.m.
  • Length: 10:26
Show
View Real Time Build Order
Export as new Build Order

capac Terran - Winner!

Build Orders: MMM Bio 

Get SALT Encoding   

  12  0:01  SCV  
  13  0:13  SCV  
  14  0:18  Supply Depot  
  14  0:25  SCV  
  15  0:39  SCV  
  15  0:41  Barracks  
  16  0:51  SCV  
  16  0:53  Refinery  
  17  1:03  SCV  
  18  1:15  SCV  
  19  1:28  SCV  
  20  1:35  Command Center  
  20  1:39  Reaper  
  21  1:42  Orbital Command  
  21  1:51  Supply Depot  
  21  2:03  Barracks  
  21  2:08  SCV  
  22  2:20  SCV  
  22  2:21  Factory  
  23  2:29  Refinery  
  23  2:32  SCV  
  24  2:51  Barracks Reactor  
  24  2:52  Barracks Tech Lab  
  24  2:57  SCV  
  25  2:58  Orbital Command  
  25  3:08  Engineering Bay  
  25  3:10  Factory Tech Lab  
  25  3:13  Marine  
  26  3:20  Starport  
  26  3:23  SCV  
  26  3:25  SCV  
  28  3:28  Marine x2  
  30  3:35  SCV  
  30  3:37  SCV  
  30  3:38  Siege Tank  
  30  3:41  Marine  
  36  3:46  Marine x2  
  36  3:47  SCV  
  39  3:49  Refinery  
  39  3:50  SCV  
  40  3:59  SCV  
  40  4:00  Starport Reactor  
  40  4:02  Supply Depot, SCV  
  42  4:04  Marine x2  
  42  4:05  Marine  
  45  4:10  Stimpack  
  45  4:11  SCV  
  46  4:22  Terran Infantry Weapons Level 1  
  46  4:24  SCV x2  
  46  4:28  Marine x2  
  46  4:29  Marine  
  51  4:35  Supply Depot  
  51  4:36  SCV x2  
  53  4:48  SCV  
  53  4:49  Refinery  
  54  4:56  Marine  
  54  4:57  Marine x2, SCV, Medivac  
  54  4:58  Supply Depot  
  54  4:59  Medivac  
  62  5:20  Marine x3, Siege Tank, SCV x2  
  70  5:23  Supply Depot  
  70  5:33  Medivac x2  
  74  5:36  SCV  
  74  5:37  SCV  
  74  5:38  Marine x2  
  78  5:45  Marine  
  78  5:47  Barracks  
  78  5:49  Barracks  
  79  6:04  SCV x2  
  80  6:07  Siege Tank  
  80  6:09  Supply Depot  
  84  6:16  SCV x2  
  86  6:19  Terran Infantry Armor Level 1  
  86  6:20  Combat Shields  
  86  6:22  Marine x3  
  89  6:29  SCV x2  
  91  6:35  Supply Depot, Command Center  
  91  6:37  Barracks  
  91  6:39  Barracks, Barracks Reactor x2  
  91  6:41  Siege Tank  
  81  7:22  Marine x4  
  81  7:44  Marine x3  
  78  8:10  Marine x5  
  78  8:11  Marine x2  
  85  8:13  Barracks Reactor x2  
  85  8:19  Factory  
  82  8:30  Command Center  
  82  8:44  Marine x5  
  87  8:50  Marine x6  
  93  9:02  Marine x2  
  94  9:10  Marine x2  
  94  9:11  Marine x4  
  100  9:20  Orbital Command  
  100  9:30  Refinery  
  99  9:32  Medivac x2  
  99  9:34  Siege Tank  
Show
View Real Time Build Order
Export as new Build Order

A.I. 1 (Elite) Zerg 

Build Orders: Pool First 

Get SALT Encoding   

  12  0:00  Drone  
  13  0:12  Overlord  
  13  0:17  Drone  
  14  0:30  Drone x2  
  16  0:43  Spawning Pool  
  16  0:45  Drone  
  16  0:49  Drone  
  17  1:13  Hatchery, Drone  
  17  1:16  Extractor  
  17  1:18  Drone  
  17  1:21  Drone  
  18  1:27  Drone  
  19  1:38  Overlord  
  19  1:48  Queen  
  19  1:49  Drone  
  22  1:59  Zergling x2  
  23  2:10  Drone  
  24  2:21  Drone  
  25  2:24  Queen, Roach Warren  
  25  2:26  Drone  
  27  2:32  Extractor  
  27  2:36  Drone  
  27  2:40  Zergling x2  
  27  2:48  Overlord  
  28  2:51  Drone  
  28  2:55  Drone  
  28  2:58  Drone  
  30  3:00  Drone  
  30  3:04  Drone  
  32  3:08  Zergling x2  
  32  3:10  Zergling x2  
  34  3:15  Roach  
  38  3:20  Roach  
  38  3:24  Roach  
  40  3:28  Roach  
  40  3:29  Drone  
  40  3:32  Drone  
  44  3:38  Overlord  
  44  3:45  Lair  
  44  3:50  Metabolic Boost  
  44  3:56  Drone  
  44  3:57  Drone  
  44  4:00  Drone  
  44  4:02  Drone  
  48  4:04  Drone  
  48  4:07  Drone  
  48  4:09  Drone  
  51  4:13  Overlord  
  51  4:16  Drone  
  52  4:21  Evolution Chamber, Drone  
  52  4:27  Evolution Chamber, Drone  
  52  4:31  Drone x2  
  52  4:36  Drone  
  52  4:38  Drone  
  56  4:39  Drone  
  56  4:41  Drone  
  58  4:47  Infestation Pit, Drone  
  58  4:49  Zerg Missile Weapons Level 1  
  58  4:50  Zergling x2  
  58  4:54  Zerg Ground Armor Level 1  
  58  4:57  Overlord  
  58  5:00  Overlord  
  58  5:12  Extractor, Roach  
  59  5:15  Roach, Drone  
  59  5:16  Drone  
  59  5:17  Hydralisk Den, Drone  
  59  5:18  Drone  
  59  5:20  Drone  
  65  5:22  Drone  
  65  5:24  Overlord  
  65  5:26  Drone  
  67  5:34  Drone x3  
  70  5:36  Infestor  
  70  5:40  Extractor  
  70  5:41  Roach  
  70  5:42  Overlord  
  73  5:43  Drone  
  73  5:45  Roach  
  73  5:47  Roach  
  73  5:49  Hydralisk  
  78  5:53  Hydralisk  
  82  6:01  Overlord, Roach  
  82  6:03  Drone x2  
  86  6:12  Infestor  
  88  6:19  Overlord  
  88  6:20  Ravager, Hatchery  
  88  6:22  Roach  
  90  6:29  Ravager  
  90  6:31  Roach  
  93  6:35  Hydralisk  
  93  6:39  Hydralisk  
  95  6:40  Overlord  
  97  6:49  Spine Crawler  
  96  6:54  Infestor  
  96  7:00  Zergling x10  
  96  7:01  Baneling Nest, Zergling x2  
  99  7:02  Drone  
  99  7:03  Evolution Chamber, Drone  
  99  7:05  Roach  
  90  7:08  Roach  
  90  7:11  Overseer  
  90  7:13  Roach  
  86  7:17  Spine Crawler, Hydralisk  
  86  7:21  Roach  
  72  7:23  Roach  
  72  7:24  Zergling x2  
  72  7:25  Zergling x2  
  72  7:26  Zergling x2  
  72  7:27  Roach  
  74  7:32  Zergling x2  
  74  7:33  Drone  
  74  7:36  Roach  
  72  7:42  Roach  
  70  7:44  Zergling x2, Hydralisk  
  70  7:45  Drone x4  
  70  7:48  Drone  
  70  7:49  Baneling  
  74  7:53  Drone  
  74  7:55  Roach  
  74  7:57  Extractor  
  66  7:59  Zergling x2  
  66  8:04  Roach  
  65  8:06  Roach  
  65  8:10  Roach  
  65  8:15  Roach, Hydralisk  
  65  8:16  Zergling x2, Drone  
  65  8:17  Drone x2  
  65  8:19  Drone  
  71  8:21  Roach  
  71  8:23  Zergling x2  
  71  8:25  Roach  
  70  8:33  Roach  
  50  8:53  Zergling x2  
  51  8:56  Roach  
  51  8:57  Hydralisk  
  51  8:58  Roach x3  
  57  9:09  Hydralisk  
  53  9:10  Zergling x2, Roach, Drone  
  58  9:20  Zergling x2, Roach  
  55  9:29  Roach  
  55  9:30  Roach  
  55  9:33  Roach  
  56  9:39  Roach  
  56  9:42  Roach  
  54  9:48  Overlord  
  49  9:57  Overlord  
  26  10:12  Drone  
Tags
 
Composition
MMM Bio
League
Gold
Matchup
TvZ
Opening
Pool First
Add a new tag
Caveats
  • Supply blocks, unpowered buildings, or Contaminate may cause inaccurate times.
  • Supply counts are checked every 10 seconds.